 Dungeon Crawl Stone Soup version 0.28.0-47-ge53b351184 (webtiles) character file.

Game seed: 10496413624064969015

67 Zeld the Chopper (level 4, -3/39 (41) HPs)
             Began as a Hill Orc Monk on May 9, 2022.
             Slain by a wight
             ... wielding a +0 falchion
              (14 damage)
             ... on level 2 of the Dungeon.
             The game lasted 00:02:02 (1884 turns).

Zeld the Chopper (Hill Orc Monk)                    Turns: 1884, Time: 00:02:02

HP:   -3/39 (41)    AC:  2    Str: 15    XL:     4   Next: 18%
MP:   4/4           EV: 12    Int: 10    God:
Gold: 17            SH:  0    Dex: 13    Spells: 3/3 levels left

rFire   . . .      SeeInvis .   a - +0 hand axe
rCold   . . .      Faith    .   (no shield)
rNeg    . . .      Spirit   .   b - +0 robe
rPois   .          Reflect  .   (no helmet)
rElec   .          Harm     .   (no cloak)
rCorr   .          Rampage  .   (no gloves)
Will    .....                   (no boots)
Stlth   ++........              (no amulet)
HPRegen 0.13/turn               (no ring)
MPRegen 0.09/turn               (no ring)

@: lightly drained
A: no striking features
a: no special abilities


You were on level 2 of the Dungeon.
You visited 1 branch of the dungeon, and saw 3 of its levels.

You collected 17 gold pieces.

Inventory:

Hand Weapons
 a - a +0 hand axe (weapon)
Armour
 b - a +0 robe (worn)
Scrolls
 c - a scroll of summoning {unknown}
 d - 2 scrolls of immolation {unknown}
 g - a scroll of identify {unknown}
Potions
 e - a potion of heal wounds {unknown}
 f - a potion of curing {unknown}
 h - a potion of attraction {unknown}


   Skills:
 * Level 4.5 Fighting
 * Level 4.9 Axes
 + Level 1.4 Armour
 + Level 2.7 Dodging
 - Level 1.5 Stealth


You had 3 spell levels left.
You didn't know any spells.
Your spell library was empty.

Dungeon Overview and Level Annotations

Branches:
Dungeon (3/15)

Altars:


Message History

You closely miss the wight. The wight hits you with a +0 falchion.
You barely miss the wight. The wight misses you.
You hit the wight.
The wight is lightly damaged.
The wight hits you with a +0 falchion.
You hit the wight but do no damage.
The wight is lightly damaged.
The wight barely misses you.
You hit the wight.
The wight is lightly damaged.
The wight hits you with a +0 falchion.
You barely miss the wight.
The wight is lightly damaged.
The wight completely misses you.
You hit the wight but do no damage.
The wight is lightly damaged.
The wight hits you with a +0 falchion.
You barely miss the wight.
The wight is lightly damaged.
The wight barely misses you.
You barely miss the wight.
The wight is lightly damaged.
The wight hits you with a +0 falchion. The wight barely misses you.
You are too injured to fight recklessly!
You are too injured to fight recklessly!
You hit the wight but do no damage.
The wight is lightly damaged.
The wight hits you with a +0 falchion.
* * * LOW HITPOINT WARNING * * *
You feel drained.
* * * LOW HITPOINT WARNING * * *
Unknown command.
You hit the wight.
The wight is heavily damaged.
The wight closely misses you.
Unknown command.
You closely miss the wight.
The wight is heavily damaged.
The wight hits you with a +0 falchion!
You die...

#########
#..!....#
#......[#
###....).@#
.......<.z#
.##...)[).#
#.......#
#.......#
#########


You could see a wight.

Vanquished Creatures
  A wight (D:2)
  2 dart slugs (D:1)
  2 ball pythons (D:1)
  A bat (D:1)
  2 hobgoblins (D:1)
  2 jackals (D:1)
  2 quokkas (D:1)
  A frilled lizard (D:1)
  3 goblins
  3 kobolds
  A rat (D:2)
20 creatures vanquished.

Notes
Turn   | Place    | Note
-------+----------+-------------------------------------------
     0 | D:1      | Zeld the Hill Orc Monk began the quest for the Orb.
     0 | D:1      | Reached XP level 1. HP: 19/19 MP: 1/1
   323 | D:1      | Reached XP level 2. HP: 24/27 MP: 2/2
  1259 | D:2      | Reached XP level 3. HP: 26/33 MP: 3/3
  1266 | D:2      | Reached skill level 1 in Armour
  1471 | D:2      | HP: 1/29 [wight/+0 spear (10)]
  1473 | D:2      | Reached XP level 4. HP: 2/41 MP: 4/4
  1884 | D:2      | Slain by a wight

Illustrated notes

Levels and vault maps discovered:
D:1:      roderic_crossed_star, layout_loops_corners
D:2:      layout_loops_cross, ebering_ecumenical_altar_petrified
D:3:      layout_basic, roderic_lattice_a

Skill      XL: |  1  2  3 |
---------------+----------+-----
Fighting       | 4 |  4.5
Armour         | 1 |  1.4
Axes           | |  4.9
Dodging        | |  2.7
Stealth        | |  1.5

Action                   |  1- 3 |  4- 6 || total
-------------------------+-------+-------++-------
Melee: Hand axe          |    62 |    12 ||    74
 Stab: Sleeping          |     5 |       ||     5
Armor: Robe              |    13 |       ||    13
Dodge: Dodged            |    34 |     9 ||    43
